 Dungeon Crawl Stone Soup version 0.29.0-4-gdea44cf6ec (webtiles) character file.

Game seed: 14123349622166342748

1225 qw the Grappler (level 8, -3/66 HPs)
             Began as a Ghoul Fire Elementalist on Aug 29, 2022.
             Was an Initiate of Okawaru.
             Slain by Edmund
             ... wielding a +4 dire flail of holy wrath
              (9 damage)
             ... on level 6 of the Dungeon.
             The game lasted 00:04:47 (5272 turns).

qw the Grappler (Ghoul Fire Elementalist)           Turns: 5272, Time: 00:04:48

Health: -3/66      AC: 14    Str: 20    XL:     8   Next: 47%
Magic:  9/9        EV:  6    Int: 10    God:    Okawaru [......]
Gold:   369        SH:  0    Dex:  9    Spells: 9/10 levels left

rFire   + . .      SeeInvis .     - Unarmed
rCold   + + +      Faith    .   (no shield)
rNeg    + + +      Spirit   .   n - +2 plate armour
rPois   inf        Reflect  .   (no helmet)
rElec   .          Harm     .   e - scarf {rC+ rF+}
rCorr   .          Rampage  .   (no gloves)
Will    .....                   k - +0 pair of boots
Stlth   ..........              (no amulet)
HPRegen 0.00/turn               a - ring of protection from cold
MPRegen 0.11/turn               f - +6 ring of strength

@: about to teleport, inhibited regen
A: claws 1, cold resistance 1, negative energy resistance 3, inhibited
regeneration, torment resistance 2, devour on kill
a: Renounce Religion


You were on level 6 of the Dungeon.
You worshipped Okawaru.
Okawaru was noncommittal.
You visited 2 branches of the dungeon, and saw 7 of its levels.

You collected 369 gold pieces.


Innate Abilities, Weirdness & Mutations

You are immune to poison.
You have sharp fingernails.
Your flesh is cold resistant. (rC+)
You are immune to negative energy. (rN+++)
You do not regenerate when monsters are visible.
You are immune to unholy pain and torment.
You thrive by killing the living.


   Skills:
 + Level 4.2 Fighting
 - Level 1.2 Throwing
 - Level 2.5 Armour
 - Level 1.7 Dodging
 - Level 2.1 Stealth
 - Level 9.0 Unarmed Combat
 - Level 1.7 Spellcasting
 - Level 0.7 Conjurations
 - Level 2.4 Fire Magic


You had 9 spell levels left.
You knew the following spells:

 Your Spells              Type           Power      Damage    Failure   Level
a - Foxfire               Conj/Fire      16%        2x1d4     99%         1

Your spell library contained the following spells:

 Spells                   Type           Power      Damage    Failure   Level
 Scorch                   Fire           10%        2d5       99%         2
 Conjure Flame            Conj/Fire      4%         6-21      100%        3
 Inner Flame              Hex/Fire       3%         N/A       100%        3
 Flame Wave               Conj/Fire      4%         2d5       100%        4

Inventory:

Missiles
 b - 3 boomerangs (quivered)
Armour
 e - a scarf of resistance (worn)
 k - a +0 pair of boots (worn)
 n - a +2 plate armour (worn)
Jewellery
 a - a ring of protection from cold (left claw)
 f - a +6 ring of strength (right claw)
Scrolls
 d - 3 scrolls of teleportation
 g - 2 scrolls of identify
 h - a scroll of enchant weapon
Potions
 c - 10 potions of curing
 j - a potion of resistance
 l - a potion of cancellation {unknown}

Dungeon Overview and Level Annotations

Branches:
Dungeon (6/15)             Temple (1/1) D:5

Altars:
Cheibriados
Dithmenos
Hepliaklqana
Kikubaaqudgha
Nemelex Xobeh
Okawaru
Ru
Trog
Uskayaw
Vehumet
Xom
Yredelemnul

Annotations:
D:6 Edmund


Message History

Throw: javelin
Press: ? - help, Q - select action, (/) - cycle Shift-Dir - straight line, f/p - Edmund You throw a javelin.
The javelin closely misses Edmund.
You scratch Edmund but do no damage. You barely miss Edmund.
Edmund hits you with a +4 dire flail of holy wrath!
You convulse.
You barely miss Edmund. You claw Edmund.
Edmund is lightly wounded.
Edmund hits you with a +4 dire flail of holy wrath!
You convulse.
You scratch Edmund but do no damage.
Edmund is lightly wounded.
Edmund hits you with a +4 dire flail of holy wrath!
You convulse!
You scratch Edmund.
Edmund is lightly wounded.
Edmund hits you with a +4 dire flail of holy wrath.
You convulse.
You scratch Edmund.
Edmund is lightly wounded.
Edmund hits you but does no damage.
You scratch Edmund but do no damage.
Edmund is lightly wounded.
You scratch Edmund.
Edmund is lightly wounded.
Edmund hits you with a +4 dire flail of holy wrath.
You convulse.
5270 ||| READING 4 scrolls of teleportation.
As you read the scroll of teleportation, it crumbles to dust.
You feel strangely unstable.
Edmund hits you with a +4 dire flail of holy wrath.
You convulse.
You scratch Edmund but do no damage.
Edmund is lightly wounded.
Edmund hits you but does no damage.
You scratch Edmund but do no damage.
Edmund is lightly wounded.
Edmund hits you with a +4 dire flail of holy wrath!
You die...

###### #.........#.....#.
###....####.................
##.............)....##.......
#.......###########.......#..
...~~~...# .......##.
..~~~~~..# ...... #.
..~~7~~..##### ..
..~~~~~......####...
...~~~...7##@.......
7.......77 ##@.....# 7.....77
......# 77...7 ...$..# 7....
......# ..... ......# ..~~
....... ##....(


You could see Edmund.

Vanquished Creatures
  Duvessa (D:5)
  A black bear (D:4)
  An ogre (D:4)
  2 centaurs
  A kobold brigand (D:4)
  A necrophage (D:5)
  4 scorpions
  Dowan (D:5)
  2 orc priests (D:4)
  2 hounds
  An iguana (D:4)
  Jessica (D:2)
  2 orc wizards (D:4)
  3 adders
  4 dart slugs
  14 orcs
  5 bats
  5 endoplasms
  7 giant cockroaches
  9 hobgoblins
  9 jackals
  18 kobolds
  2 quokkas
  11 ball pythons
  3 frilled lizards (D:3)
  9 goblins
  6 rats
125 creatures vanquished.

Notes
Turn   | Place    | Note
-------+----------+-------------------------------------------
     0 | D:1      | qw the Ghoul Fire Elementalist began the quest for the Orb.
     0 | D:1      | Reached XP level 1. HP: 14/14 MP: 2/2
     0 | D:1      | 0 ||| qw: Version: 0.1-a-90-g952f4b7
     0 | D:1      | 0 ||| qw: Game counter: 4015
     0 | D:1      | 0 ||| qw: Always use a shield: true
     0 | D:1      | 0 ||| qw: God list: Okawaru
     0 | D:1      | 0 ||| qw: Allow faded altars: false
     0 | D:1      | 0 ||| qw: Do Orc after D:15 true
     0 | D:1      | 0 ||| qw: Do second Lair branch before Depths: true
     0 | D:1      | 0 ||| qw: Lair rune preference: random
     0 | D:1      | 0 ||| qw: Plans: Normal
     0 | D:1      | 0 ||| PLANNING D:1-11
    56 | D:1      | Reached skill level 1 in Unarmed Combat
    61 | D:1      | 61 ||| Stepping ~*~*~tactically~*~*~ (stealth).
    71 | D:1      | Reached XP level 2. HP: 14/22 MP: 3/3
    75 | D:1      | Reached skill level 1 in Fighting
   346 | D:1      | 346 ||| Stepping ~*~*~tactically~*~*~ (stealth).
   355 | D:1      | 355 ||| Stepping ~*~*~tactically~*~*~ (outnumbered).
   356 | D:1      | 356 ||| Stepping ~*~*~tactically~*~*~ (outnumbered).
   367 | D:1      | Reached skill level 2 in Unarmed Combat
   367 | D:1      | HP: 4/23 [kobold/+0 whip (2)]
   702 | D:1      | Reached XP level 3. HP: 27/28 MP: 4/4
   724 | D:1      | HP: 7/28 [goblin/+0 dagger (2)]
   791 | D:1      | 791 ||| Stepping ~*~*~tactically~*~*~ (stealth).
  1181 | D:1      | 1181 ||| Stepping ~*~*~tactically~*~*~ (stealth).
  1351 | D:1      | 1351 ||| UPGRADING to scarf of resistance.
  1356 | D:1      | 1356 ||| UPGRADING to +0 leather armour.
  1366 | D:1      | 1366 ||| DROPPING +0 robe.
  1367 | D:1      | 1367 ||| DROPPING orb of guile.
  1368 | D:1      | 1368 ||| UPGRADING to +0 plate armour.
  1378 | D:1      | 1378 ||| DROPPING +0 leather armour.
  1379 | D:1      | 1379 ||| READING 2 scrolls labelled JUQYKI UWYEHUI.
  1380 | D:1      | 1380 ||| READING scroll labelled VADDUAS OHYOTY.
  1381 | D:1      | 1381 ||| READING scroll labelled NAHIXEDUOBE.
  1382 | D:1      | 1382 ||| READING 2 scrolls labelled DOGOMP SUBUCW.
  1383 | D:1      | 1383 ||| READING 5 scrolls labelled DOMAKK KUKOZ.
  1386 | D:1      | 1386 ||| READING scroll labelled KUTHIA PAUXTAI.
  1387 | D:1      | 1387 ||| DROPPING potion of magic.
  1388 | D:1      | 1388 ||| DROPPING scroll of vulnerability.
  1396 | D:2      | 1396 ||| STAIRDANCE
  1398 | D:2      | Reached skill level 3 in Unarmed Combat
  1400 | D:2      | 1400 ||| Stepping ~*~*~tactically~*~*~ (outnumbered).
  1401 | D:2      | 1401 ||| STAIRDANCE
  1403 | D:1      | 1403 ||| Stepping ~*~*~tactically~*~*~ (outnumbered).
  1404 | D:1      | 1404 ||| Stepping ~*~*~tactically~*~*~ (outnumbered).
  1405 | D:1      | 1405 ||| Stepping ~*~*~tactically~*~*~ (outnumbered).
  1406 | D:1      | 1406 ||| Stepping ~*~*~tactically~*~*~ (outnumbered).
  1407 | D:1      | 1407 ||| Stepping ~*~*~tactically~*~*~ (outnumbered).
  1408 | D:1      | 1408 ||| Stepping ~*~*~tactically~*~*~ (outnumbered).
  1409 | D:1      | 1409 ||| Stepping ~*~*~tactically~*~*~ (outnumbered).
  1410 | D:1      | 1410 ||| Stepping ~*~*~tactically~*~*~ (outnumbered).
  1512 | D:2      | 1512 ||| STAIRDANCE
  1564 | D:2      | Noticed Jessica
  1582 | D:2      | 1582 ||| Stepping ~*~*~tactically~*~*~ (outnumbered).
  1583 | D:2      | 1583 ||| Stepping ~*~*~tactically~*~*~ (outnumbered).
  1584 | D:2      | 1584 ||| Stepping ~*~*~tactically~*~*~ (outnumbered).
  1584 | D:2      | HP: 7/28 [goblin/+0 club (3)]
  1585 | D:2      | 1585 ||| READING 4 scrolls of teleportation.
  1586 | D:2      | 1586 ||| Stepping ~*~*~tactically~*~*~ (outnumbered).
  1587 | D:2      | 1587 ||| Stepping ~*~*~tactically~*~*~ (outnumbered).
  1588 | D:2      | 1588 ||| READING 3 scrolls of teleportation.
  1589 | D:2      | HP: 3/28 [ball python (1)]
  1594 | D:2      | 1594 ||| READING 2 scrolls of teleportation.
  1597 | D:2      | Found a faded altar of an unknown god.
  1598 | D:2      | 1598 ||| READING scroll of teleportation.
  1963 | D:2      | Reached skill level 1 in Armour
  2008 | D:2      | Killed Jessica
  2009 | D:2      | Reached XP level 4. HP: 31/35 MP: 5/5
  2062 | D:2      | 2062 ||| Stepping ~*~*~tactically~*~*~ (stealth).
  2243 | D:2      | 2243 ||| READING scroll labelled FIBBIR AMIULIL.
  2244 | D:2      | 2244 ||| DRINKING 3 blue potions.
  2245 | D:2      | 2245 ||| DRINKING 2 smoky black potions.
  2246 | D:2      | 2246 ||| READING 2 scrolls of identify.
  2246 | D:2      | 2246 ||| IDENTIFYING brown potion
  2247 | D:2      | 2247 ||| DROPPING potion of attraction.
  2291 | D:3      | Noticed a centaur
  2302 | D:3      | HP: 6/35 [centaur (6)]
  2303 | D:3      | 2303 ||| READING 2 scrolls of teleportation.
  2304 | D:3      | 2304 ||| DRINKING potion of heal wounds.
  2305 | D:3      | Killed a centaur
  2306 | D:3      | Reached skill level 5 in Unarmed Combat
  2306 | D:3      | Reached XP level 5. HP: 29/40 MP: 6/6
  2399 | D:3      | You fall into a shaft and drop 2 floors!
  2399 | D:5      | Entered Level 5 of the Dungeon
  2400 | D:5      | 2400 ||| UPGRADING to ring of protection from cold.
  2422 | D:4      | 2422 ||| Stepping ~*~*~tactically~*~*~ (outnumbered).
  2425 | D:4      | Noticed a black bear
  2427 | D:4      | Reached XP level 6. HP: 44/48 MP: 7/7
  2436 | D:4      | Killed a black bear
  2437 | D:4      | Reached skill level 6 in Unarmed Combat
  2450 | D:4      | 2450 ||| Stepping ~*~*~tactically~*~*~ (stealth).
  2451 | D:4      | 2451 ||| Stepping ~*~*~tactically~*~*~ (stealth).
  2453 | D:4      | 2453 ||| Stepping ~*~*~tactically~*~*~ (stealth).
  2468 | D:4      | 2468 ||| Stepping ~*~*~tactically~*~*~ (stealth).
  2470 | D:4      | 2470 ||| READING scroll labelled TENYENWARUB.
  2676 | D:3      | 2676 ||| Stepping ~*~*~tactically~*~*~ (stealth).
  2802 | D:3      | 2802 ||| Stepping ~*~*~tactically~*~*~ (stealth).
  2803 | D:3      | 2803 ||| Stepping ~*~*~tactically~*~*~ (stealth).
  2804 | D:3      | 2804 ||| Stepping ~*~*~tactically~*~*~ (stealth).
  2805 | D:3      | 2805 ||| Stepping ~*~*~tactically~*~*~ (stealth).
  3117 | D:3      | 3117 ||| READING 3 scrolls labelled LERCHE ERPHERR.
  3118 | D:3      | 3118 ||| READING 3 scrolls labelled JOHASCH ZAPOHAU.
  3119 | D:3      | 3119 ||| READING 2 scrolls of enchant armour.
  3119 | D:3      | 3119 ||| ENCHANTING +0 plate armour.
  3120 | D:3      | 3120 ||| READING scroll of enchant armour.
  3120 | D:3      | 3120 ||| ENCHANTING +1 plate armour.
  3121 | D:3      | 3121 ||| READING scroll labelled DISHIHEOCK.
  3122 | D:3      | 3122 ||| READING scroll labelled DIWKAIN HEWNY.
  3123 | D:3      | 3123 ||| DROPPING 2 scrolls of immolation.
  3162 | D:4      | 3162 ||| STAIRDANCE
  3192 | D:4      | 3192 ||| STAIRDANCE
  3197 | D:3      | Reached skill level 3 in Fighting
  3210 | D:4      | Reached XP level 7. HP: 51/58 MP: 8/8
  3210 | D:4      | 3210 ||| STAIRDANCE
  3379 | D:4      | 3379 ||| Stepping ~*~*~tactically~*~*~ (outnumbered).
  3380 | D:4      | 3380 ||| Stepping ~*~*~tactically~*~*~ (outnumbered).
  3381 | D:4      | 3381 ||| Stepping ~*~*~tactically~*~*~ (outnumbered).
  3383 | D:4      | 3383 ||| Stepping ~*~*~tactically~*~*~ (outnumbered).
  3384 | D:4      | 3384 ||| Stepping ~*~*~tactically~*~*~ (outnumbered).
  3385 | D:4      | 3385 ||| Stepping ~*~*~tactically~*~*~ (outnumbered).
  3386 | D:4      | 3386 ||| Stepping ~*~*~tactically~*~*~ (outnumbered).
  3390 | D:4      | 3390 ||| Stepping ~*~*~tactically~*~*~ (outnumbered).
  3391 | D:4      | 3391 ||| Stepping ~*~*~tactically~*~*~ (outnumbered).
  3392 | D:4      | 3392 ||| Stepping ~*~*~tactically~*~*~ (outnumbered).
  3393 | D:4      | 3393 ||| Stepping ~*~*~tactically~*~*~ (outnumbered).
  3902 | D:4      | 3902 ||| Stepping ~*~*~tactically~*~*~ (hiding).
  3913 | D:4      | 3913 ||| Stepping ~*~*~tactically~*~*~ (outnumbered).
  3923 | D:4      | Reached skill level 1 in Throwing
  4049 | D:4      | 4049 ||| Stepping ~*~*~tactically~*~*~ (stealth).
  4053 | D:4      | 4053 ||| Stepping ~*~*~tactically~*~*~ (outnumbered).
  4054 | D:4      | 4054 ||| Stepping ~*~*~tactically~*~*~ (outnumbered).
  4055 | D:4      | 4055 ||| Stepping ~*~*~tactically~*~*~ (outnumbered).
  4062 | D:4      | Reached skill level 7 in Unarmed Combat
  4081 | D:4      | 4081 ||| Stepping ~*~*~tactically~*~*~ (stealth).
  4083 | D:4      | 4083 ||| Stepping ~*~*~tactically~*~*~ (stealth).
  4092 | D:4      | 4092 ||| Stepping ~*~*~tactically~*~*~ (stealth).
  4276 | D:4      | 4276 ||| UPGRADING to +6 ring of strength.
  4277 | D:4      | 4277 ||| READING 4 scrolls of identify.
  4277 | D:4      | 4277 ||| IDENTIFYING amethyst potion
  4278 | D:4      | 4278 ||| READING 3 scrolls of identify.
  4278 | D:4      | 4278 ||| IDENTIFYING sedimented purple potion
  4279 | D:4      | 4279 ||| READING 2 scrolls of identify.
  4279 | D:4      | 4279 ||| IDENTIFYING pink potion
  4280 | D:4      | 4280 ||| DROPPING potion of brilliance.
  4281 | D:4      | 4281 ||| DROPPING potion of lignification.
  4375 | D:5      | 4375 ||| Stepping ~*~*~tactically~*~*~ (outnumbered).
  4377 | D:5      | 4377 ||| Stepping ~*~*~tactically~*~*~ (outnumbered).
  4378 | D:5      | 4378 ||| Stepping ~*~*~tactically~*~*~ (outnumbered).
  4381 | D:5      | 4381 ||| Stepping ~*~*~tactically~*~*~ (outnumbered).
  4382 | D:5      | 4382 ||| Stepping ~*~*~tactically~*~*~ (outnumbered).
  4384 | D:5      | Reached XP level 8. HP: 25/66 MP: 9/9
  4385 | D:5      | HP: 15/66 [scorpion (6)]
  4386 | D:5      | 4386 ||| READING 4 scrolls of teleportation.
  4387 | D:5      | 4387 ||| DRINKING potion of heal wounds.
  4457 | D:5      | 4457 ||| Stepping ~*~*~tactically~*~*~ (stealth).
  4459 | D:5      | 4459 ||| Stepping ~*~*~tactically~*~*~ (stealth).
  4460 | D:5      | 4460 ||| Stepping ~*~*~tactically~*~*~ (stealth).
  4467 | D:5      | 4467 ||| Stepping ~*~*~tactically~*~*~ (stealth).
  4510 | D:5      | Noticed Duvessa
  4511 | D:5      | Noticed Dowan
  4512 | D:5      | 4512 ||| Stepping ~*~*~tactically~*~*~ (hiding).
  4513 | D:5      | 4513 ||| Stepping ~*~*~tactically~*~*~ (hiding).
  4514 | D:5      | 4514 ||| Stepping ~*~*~tactically~*~*~ (hiding).
  4522 | D:5      | Killed Duvessa
  4523 | D:5      | Reached skill level 8 in Unarmed Combat
  4529 | D:5      | Killed Dowan
  4718 | D:5      | Reached skill level 9 in Unarmed Combat
  4720 | D:5      | Found a staircase to the Ecumenical Temple.
  4722 | D:5      | 4722 ||| PLANNING TEMPLE
  4722 | D:5      | 4722 ||| DROPPING +2 chain mail of willpower.
  4723 | D:5      | 4723 ||| READING scroll labelled ERIEGY HASULUMOL.
  4730 | Temple   | Entered the Ecumenical Temple
  4730 | Temple   | Found a transporter.
  4730 | Temple   | Found a transporter.
  4732 | Temple   | Found a transporter.
  4732 | Temple   | Found a transporter.
  4742 | Temple   | 4742 ||| PLANNING D:1-11
  4749 | Temple   | Became a worshipper of Warmaster Okawaru
  5082 | D:5      | 5082 ||| UPGRADING to +0 pair of boots.
  5258 | D:6      | Noticed Edmund
  5269 | D:6      | HP: 15/66 [Edmund/+4 dire flail of holy wrath (2)]
  5270 | D:6      | 5270 ||| READING 4 scrolls of teleportation.
  5270 | D:6      | HP: 6/66 [Edmund/+4 dire flail of holy wrath (5)]
  5272 | D:6      | Slain by Edmund

Levels and vault maps discovered:
D:1:      dpeg_arrival_tiny_k, layout_rooms, minmay_tetromino_s4
D:2:      layout_rooms, basic_ecumenical_altar, uniq_jessica
D:3:      layout_loops_ring
D:4:      cheibrodos_thug_alley, layout_rooms
D:5:      layout_cave_pools, minmay_temple_entry_grid, serial_column_ruins,
          column_ruins_hut, column_ruins_hut_ruined,
          column_ruins_columns_corner, column_ruins_columns_straight,
          column_ruins_grid_1, column_ruins_grid_4, uniq_duvessa
D:6:      layout_basic, elyvilon_altar_3, mainiacjoe_overflow_tiny_flanked,
          uniq_edmund
Temple:   hellmonk_temple_divided_pantheon

Skill      XL: |  1  2  3  4  5  6  7  8 |
---------------+-------------------------+-----
Unarmed Combat | 1 2 3 5 6 7 9 |  9.0
Fighting       | 1 2 3 4 |  4.2
Armour         | 1 2 |  2.5
Throwing       | 1 |  1.2
Dodging        | |  1.7
Stealth        | |  2.1
Spellcasting   | |  1.7
Conjurations   | |  0.7
Fire Magic     | |  2.4

Action                   |  1- 3 |  4- 6 |  7- 9 || total
-------------------------+-------+-------+-------++-------
Melee: Unarmed           |   165 |   139 |   135 ||   439
       Punch             |     5 |     5 |    10 ||    20
Throw: Javelin           |       |       |    22 ||    22
       Boomerang         |       |       |    10 ||    10
  Use: Scroll            |    10 |    10 |     6 ||    26
       Potion            |       |     3 |     1 ||     4
 Stab: Sleeping          |     2 |       |       ||     2
Armor: Robe              |    16 |       |       ||    16
       Plate armour      |    41 |   110 |    96 ||   247
Dodge: Dodged            |    87 |    38 |    29 ||   154

Table legend:
 A = Non-vault XP
 B = Vault XP
 C = Vault XP percentage of total XP
 D = Non-vault monster count
 E = Vault monster count
 F = Vault count percentage of total count
                 A         B        C        D         E       F
            +---------+---------+-------+---------+---------+-------
      Total |    1386 |     365 |  20.8 |     111 |      14 |  11.2
            +---------+---------+-------+---------+---------+-------
        D:1 |      57 |       1 |   1.7 |      30 |       1 |   3.2
        D:2 |      28 |      37 |  56.9 |      14 |       1 |   6.7
        D:3 |     251 |       0 |   0.0 |      26 |       0 |   0.0
        D:4 |     619 |     110 |  15.1 |      32 |      10 |  23.8
        D:5 |     428 |     217 |  33.6 |       8 |       2 |  20.0
        D:6 |       3 |       0 |   0.0 |       1 |       0 |   0.0
            +---------+---------+-------+---------+---------+-------
